 Dungeon Crawl Stone Soup version 0.30-a0-1160-g6e42c06551 (webtiles) character file.

Game seed: 14368241534695526466

189 qeuew the Covered (level 5, 0/33 HPs)
             Began as a Gargoyle Fighter on Apr 26, 2023.
             Slain by Pikel
             ... wielding a +1 whip of electrocution
              (7 damage)
             ... on level 4 of the Dungeon.
             The game lasted 00:03:43 (3048 turns).

qeuew the Covered (Gargoyle Fighter)                Turns: 3048, Time: 00:03:44

Health: 0/33       AC: 11    Str: 19    XL:     5   Next: 68%
Magic:  5/5        EV:  9    Int:  7    God:
Gold:   165        SH:  5    Dex: 15    Spells: 4/4 levels left

rFire   . . .        j - +4 whip of Brutal Revenge {holy, Dex+4}
rCold   . . .        c - +0 buckler
rNeg    + . .        b - +0 scale mail
rPois   ∞            (no helmet)
rElec   +            (no cloak)
rCorr   .            (no gloves)
SInv    .            (no boots)
Will    .....        (no amulet) Stlth
                     (no ring)
HPRegen 0.25/turn    (no ring)
MPRegen 0.09/turn

%: no passive effects
@: mighty
A: sickness immunity, AC +4, negative energy resistance 1, electricity
resistance, torment resistance 1, petrification resistance, dopey 1, high MP 1,
subdued magic 1
a: no special abilities


You were on level 4 of the Dungeon.
You visited 1 branch of the dungeon, and saw 4 of its levels.

You collected 165 gold pieces.

Inventory:

Hand Weapons
 j - the +4 whip of Brutal Revenge (weapon) {holy, Dex+4}
   (You found it on level 4 of the Dungeon)

   Dex:       It affects your dexterity (+4).
Armour
 b - a +0 scale mail (worn)
 c - a +0 buckler (worn)
Wands
 h - a wand of mindburst (27)
Scrolls
 a - a scroll of brand weapon {unknown}
 f - 2 scrolls of teleportation
 g - 2 scrolls of poison
Potions
 e - a potion of curing


   Skills:
 + Level 3.8 Fighting
 * Level 3.3 Maces & Flails
 * Level 4.4 Armour
 + Level 1.2 Dodging
 + Level 4.0 Shields
 + Level 0.6 Evocations


You had 4 spell levels left.
You didn't know any spells.
Your spell library contained the following spells:

 Spells                   Type           Power      Damage    Failure   Level
 Apportation              Tloc           0%         N/A       83%         1
 Necrotise                Necr           0%         1d4       83%         1
 Sandblast                Erth           0%         2d4       83%         1
 Slow                     Hex            0%         N/A       83%         1
 Summon Small Mammal      Summ           0%         N/A       83%         1
 Ensorcelled Hibernation  Hex/Ice        0%         N/A       92%         2
 Passwall                 Tmut/Erth      0%         N/A       92%         2
 Confusing Touch          Hex            0%         N/A       99%         3
 Stone Arrow              Conj/Erth      0%         3d7       99%         3
 Swiftness                Air            0%         N/A       99%         3
 Vampiric Draining        Necr           0%         2d6       99%         3


Dungeon Overview and Level Annotations

Branches:
Dungeon (4/15)
 Temple: D:4-7

Altars:
Dithmenos

Shops:
D:3 :

Annotations:
D:4 Pikel


Innate Abilities, Weirdness & Mutations

You are immune to sickness and miasma.
Your stone body is resilient. (AC +4)
You are immune to poison.
You resist negative energy. (rN+)
You are resistant to electric shocks. (rElec)
You are resistant to unholy torment.
You are immune to petrification.
You are dopey. (Int -2)
You have an increased reservoir of magic. (+10% MP)
Your spells are a little easier to cast, but a little less powerful.


Message History

You barely miss something. Something hits you.
The lemure shouts!
You hit something. Something hits you.
You hit something. Something hits you.
You miss something. Something hits you but does no damage.
Unknown command.
You closely miss something. Something hits you.
You miss something. Something hits you.
You miss something.
You hear a zap.
A puff of flame appears from out of thin air!
The puff of flame hits you but does no damage.
Unknown command.
You feel much better. Something hits you.
You hit something.
You hear a zap.
A puff of flame appears from out of thin air!
The puff of flame misses you.
You barely miss something. Something hits you but does no damage.
You barely miss something. Something hits you.
You barely miss something. You miss something. Something hits you.
You barely miss something. Something hits you but does no damage.
Something hits you.
You closely miss something. You closely miss something.
You hear a zap.
A puff of flame appears from out of thin air!
The puff of flame hits you. Something hits you but does no damage.
You miss something.
You hear a zap.
A puff of flame appears from out of thin air!
The puff of flame hits you.
* * * LOW HITPOINT WARNING * * *
You feel very mighty all of a sudden.
You hear a zap.
A puff of flame appears from out of thin air!
The puff of flame hits you but does no damage.
You whack something! Something hits you!
You die...

##..### ##..... .......
###..## #. .....# # #.#
##...# #. #.# # ..#
#.##(##
#.#.###..!..#######
#.#... ........@{5# #
#...#####..#####5###
.###...........:...5.#
#.#......†...#####.#.#
#...#.######:# #S#$#
......# <... ....K
#...###.####.#####....#
.............# ###.#.
##......###### .##5


You could see 3 lemures.

Vanquished Creatures
  A phantom (D:4)
  A hound (D:4)
  2 adders (D:2)
  4 bats
  9 endoplasms
  3 giant cockroaches
  11 goblins
  10 hobgoblins
  4 jackals (D:2)
  2 kobolds
  A quokka (D:3)
  8 ball pythons
  3 frilled lizards
  4 rats
63 creatures vanquished.

Notes
Turn   | Place    | Note
-------+----------+-------------------------------------------
     0 | D:1      | qeuew the Gargoyle Fighter began the quest for the Orb.
     0 | D:1      | Reached XP level 1. HP: 14/14 MP: 1/1
    96 | D:1      | Reached XP level 2. HP: 19/19 MP: 2/2
   158 | D:1      | You fall into a shaft and drop 1 floor!
   256 | D:2      | Reached XP level 3. HP: 23/23 MP: 3/3
   635 | D:1      | Reached XP level 4. HP: 28/28 MP: 4/4
  1367 | D:2      | Gained mutation: Your spells are a little easier to cast,
                  | but a little less powerful. [potion of mutation]
  1367 | D:2      | Gained mutation: You are dopey. (Int -2) [potion of
                  | mutation]
  1367 | D:2      | Gained mutation: You have an increased reservoir of magic.
                  | (+10% MP) [potion of mutation]
  1539 | D:3      | Found a shadowy altar of Dithmenos.
  1876 | D:3      | Found Nihet's Book Boutique.
  2887 | D:4      | Reached skill level 1 in Dodging
  2947 | D:4      | Identified the +4 whip of Brutal Revenge {holy, Dex+4}
  3005 | D:4      | Reached XP level 5. HP: 33/33 MP: 5/5
  3009 | D:4      | Noticed a phantom
  3014 | D:4      | Noticed Pikel
  3014 | D:4      | Noticed a lemure
  3015 | D:4      | Noticed a lemure
  3015 | D:4      | Noticed a lemure
  3016 | D:4      | Killed a phantom
  3016 | D:4      | Noticed a lemure
  3048 | D:4      | Slain by Pikel

Illustrated notes

Levels and vault maps discovered:
D:1:      evilmike_arrival_plus, layout_basic, item_on_display_a
D:2:      layout_loops_ring, chequers_serial_rivers_micro_d,
          serial_bayou_pond_a, minmay_misc_feat_rugged
D:3:      layout_basic, mainiacjoe_overflow_24_doors, serial_co_window_serial,
          co_window_of_opportunity_a, co_window_of_opportunity_a,
          co_window_paths_a, co_window_paths_b, co_window_corner_a,
          co_window_2corner, co_window_cross_2, co_window_unsneaky_path_c,
          co_window_corner_cb, co_window_broadway_c, co_window_paths_c,
          co_window_paths_e, glass_columns_a, serial_shops, shop
D:4:      layout_loops_ring, uniq_pikel

Skill      XL: |  1  2  3  4  5 |
---------------+----------------+-----
Armour         | 4 |  4.4
Maces & Flails | 3 |  3.3
Dodging        | 1 |  1.2
Shields        | 4 |  4.0
Fighting       | |  3.8
Evocations     | |  0.6

Action                     |  1- 3 |  4- 6 || total
---------------------------+-------+-------++-------
  Melee: Flail             |    71 |    56 ||   127
         Whip              |       |    37 ||    37
    Use: Scroll            |       |     7 ||     7
         Potion            |       |     6 ||     6
 Armour: Scale mail        |    36 |    48 ||    84
  Dodge: Dodged            |    36 |    39 ||    75
  Block: Buckler           |     7 |    10 ||    17

Table legend: (Time is in decaauts)
 A = Elapsed time spent in this place.
 B = Non-inter-level travel time spent in this place.
 C = Inter-level travel time spent in this place.
 D = Time resting spent in this place.
 E = Time spent auto-exploring this place.
 F = Levels seen in this place.
 G = Mean time per level.
                   A        B        C        D        E       F      G
               +--------+--------+--------+--------+--------+-----+--------+
         Total |   3066 |   2868 |    198 |     55 |   2398 |   4 |  766.5 |
       Dungeon |   3066 |   2868 |    198 |     55 |   2398 |   4 |  766.5 |
               +--------+--------+--------+--------+--------+-----+--------+

Top non-repeatable levels by time:
     D:3: 1315 daAuts
     D:2: 933 daAuts
     D:1: 622 daAuts
     D:4: 195 daAuts
